 Dungeon Crawl Stone Soup version 0.23.0-3-gf3c87f2 (webtiles) character file.

Game seed: 15568997063536229546

73850 skk the Spear-Bearer (level 15, -6/180 HPs)
             Began as a Demonspawn Fighter on Feb 20, 2019.
             Was the Champion of Okawaru.
             Mangled by a blizzard demon (7 damage)
             ... summoned by a deep elf demonologist
             ... on level 1 of the Elven Halls.
             The game lasted 00:50:01 (21952 turns).

skk the Spear-Bearer (Demonspawn Fighter)          Turns: 21952, Time: 00:50:02

Health: -6/180     AC: 21    Str: 25    XL:     15   Next: 5%
Magic:  0/26       EV:  7    Int: 14    God:    Okawaru [******]
Gold:   450        SH:  9    Dex: 12    Spells: 14/14 levels left

rFire    + + .     SeeInvis .   M - +1 demon trident "Ogrebane" {venom, MP+9}
rCold    + . .     Gourm    .   t - +3 buckler
rNeg     + . .     Faith    .   o - +9 scales of the Dragon King {rPois rF+ rC+ MR+}
rPois    +         Spirit   +   N - +0 hat {Int+3}
rElec    .         Reflect  .   a - scarf {cloud immunity}
rCorr    .         Harm     .   q - +0 pair of gloves
MR       ++...                  m - +0 pair of boots
Stlth    ..........             D - amulet of guardian spirit
HPRegen  0.40/turn              J - ring of protection from fire
MPRegen  0.20/turn              A - ring of positive energy

@: berserking, corroded, lightly drained, very quick
A: horns 2, foul stench 1, powered by death 2, weak 1, rot immunity
a: Heroism, Finesse, Renounce Religion


You were on level 1 of the Elven Halls.
You worshipped Okawaru.
Okawaru was exalted by your worship.
You were near starving.

You visited 4 branches of the dungeon, and saw 20 of its levels.
You also visited: Volcano.

You collected 2656 gold pieces.
You spent 2206 gold pieces at shops.

Inventory:

Hand Weapons
 b - the cursed +1 long sword of Hivipn {drain, rN+ MR+ Str+7}
   (You found it in a volcano)

   A truly terrible weapon, it drains the life of those it strikes.
   It affects your strength (+7).
   It protects you from negative energy.
   It affects your resistance to hostile enchantments.
   It has a curse placed upon it.
 M - the +1 demon trident "Ogrebane" (weapon) {venom, MP+9}
   (You acquired it on level 10 of the Dungeon)

   It poisons the flesh of those it strikes.
   It affects your magic capacity (+9).
Armour
 a - a scarf of cloud immunity (worn)
 m - a +0 pair of boots (worn)
 o - the +9 scales of the Dragon King (worn) {rPois rF+ rC+ MR+}
   (You bought it in a shop on level 2 of the Orcish Mines)

   It protects you from fire.
   It protects you from cold.
   It protects you from poison.
   It affects your resistance to hostile enchantments.
 q - a +0 pair of gloves (worn)
 t - a +3 buckler (worn)
 N - a +0 hat of intelligence (worn)
Jewellery
 r - a +5 ring of strength
 x - an uncursed ring of flight
 A - a ring of positive energy (right hand)
 D - an amulet of guardian spirit (around neck)
 J - a ring of protection from fire (left hand)
Wands
 F - a wand of iceblast (18)
 I - a wand of disintegration (11)
 X - a wand of acid (7)
Scrolls
 g - 4 scrolls of enchant armour
 i - 4 scrolls of identify
 l - 3 scrolls of amnesia
 p - 2 scrolls of teleportation
 s - a scroll of fog
 E - 2 scrolls of enchant weapon
 K - 4 scrolls of remove curse
 T - a scroll of fear
Potions
 c - 3 potions of brilliance
 d - 2 potions of might
 e - a potion of cancellation
 h - 4 potions of curing
 j - a potion of invisibility
 k - 2 potions of lignification
 n - 7 potions of resistance
 v - a potion of agility
 w - a potion of berserk rage
 z - 4 potions of flight
 G - 2 potions of magic
 Q - 3 potions of mutation
 U - a potion of haste
Miscellaneous
 y - a fan of gales
Comestibles
 f - 29 rations


   Skills:
 + Level 12.0(11.5) Fighting
 + Level 14.8(14.3) Polearms
 + Level 10.1(9.6) Armour
 + Level 7.0(6.6) Dodging
 + Level 4.1(3.7) Stealth
 + Level 10.9(10.4) Shields
 + Level 2.0(1.6) Invocations
 + Level 2.9(2.5) Evocations


You had 14 spell levels left.
You didn't know any spells.
Your spell library contained the following spells:

 Spells                   Type           Power        Failure   Level  Hunger
 Animate Skeleton         Necr           N/A          100%        1    ##.....
 Apportation              Tloc           #.....       100%        1    ##.....
 Confusing Touch          Hex            #.....       100%        1    ##.....
 Infusion                 Chrm           #...         100%        1    ##.....
 Summon Small Mammal      Summ           #...         100%        1    ##.....
 Call Imp                 Summ           #.......     100%        2    ###....
 Shroud of Golubria       Chrm/Tloc      #.........   100%        2    ###....
 Song of Slaying          Chrm           #.......     100%        2    ###....
 Call Canine Familiar     Summ           #.......     100%        3    ####...
 Confuse                  Hex            #.......     100%        3    ####...
 Gell's Gravitas          Tloc           #.........   100%        3    ####...
 Recall                   Summ/Tloc      N/A          100%        3    ####...
 Regeneration             Chrm/Necr      #.........   100%        3    ####...
 Spectral Weapon          Hex/Chrm       #.......     100%        3    ####...
 Summon Guardian Golem    Hex/Summ       #.......     100%        3    ####...
 Petrify                  Tmut/Erth      #.......     100%        4    #####..
 Summon Ice Beast         Ice/Summ       #.......     100%        4    #####..
 Summon Lightning Spire   Summ/Air       #.......     100%        4    #####..
 Aura of Abjuration       Summ           #.........   100%        5    ######.
 Metabolic Englaciation   Hex/Ice        #.........   100%        5    ######.
 Summon Demon             Summ           #.........   100%        5    ######.
 Summon Forest            Summ/Tloc      #.........   100%        5    ######.
 Summon Mana Viper        Hex/Summ       #.......     100%        5    ######.
 Yara's Violent Unravell  Hex/Tmut       #.........   100%        5    ######.
 Shadow Creatures         Summ           N/A          100%        6    #######


Dungeon Overview and Level Annotations

Branches:
Dungeon (11/15)            Temple (0/1) D:7            Lair (6/6) D:11
  Swamp (0/4) Lair:2        Snake (0/4) Lair:2        Slime (0/5) Lair:6
    Orc (2/2) D:9             Elf (1/3) Orc:2

Altars:
Dithmenos
Fedhas
Gozag
Kikubaaqudgha
Makhleb
Nemelex Xobeh
Okawaru
Qazlal
Sif Muna
Trog
Wu Jian
Xom
Beogh

Shops:
D:9 }   Orc:2 !?[[


Innate Abilities, Weirdness & Mutations

You have a pair of horns on your head.
You may emit foul miasma when damaged in melee.
You regenerate health from kills.
You are immune to rotting.
You are weak. (Str -2)


Message History

The rust devil is severely wounded.
The hellwing disappears in a puff of smoke!
The Executioner hits you but does no damage.
You block the Executioner's attack. x2
You block the deep elf demonologist's attack.
The rust devil hits you.
* * * LOW HITPOINT WARNING * * *
The rust devil corrodes you!
Unknown command.
You impale the rust devil!!
You kill the rust devil!
The Executioner hits you!
* * * LOW HITPOINT WARNING * * *
The Executioner hits you but does no damage.
You block the Executioner's attack. The neqoxec gestures at you.
Strange energies course through your body.
You feel weaker. You block the blizzard demon's attack.
The blizzard demon hits you!
You die...

########
##......## #
#....382.# .#
##...rr@.3##.#
#.....e1e3...#
#.....4555...#
#..8....e8...#
#..)[).).)...#
#....8.).....#
#...<).......#
#...)8.....#.#
#..........# #


You could see an Executioner, a blizzard demon, a soul eater, a deep elf
demonologist, a hellwing, 2 deep elf magi, a sixfirhy, a neqoxec, 2 hell rats, a
white imp, a shadow imp and an ufetubus.

Vanquished Creatures
  Rupert (Lair:2)
  A deep elf elementalist (Elf:1)
  2 entropy weavers
  A dire elephant (Lair:6)
  The ghost of Irhican the Severer, a journeyman MiBe of Trog (Lair:3)
  Snorg (Lair:4)
  A fire dragon (Lair:6)
  Josephine (Lair:3)
  5 hydras
  3 catoblepae
  2 dancing weapons
  A queen ant (Lair:4)
  2 two-headed ogres
  Urug (D:11)
  Nergalle (Orc:1)
  Sonja (D:11)
  5 wizards (Volcano)
  A swamp dragon (Lair:6)
  3 orc knights (Orc:2)
  A lindwurm (Lair:6)
  10 deep elf magi (Elf:1)
  A cyclops (Orc:1)
  2 manticores (Lair:6)
  A centaur zombie (D:11)
  9 elephants
  5 toenail golems (Volcano)
  4 black mambas
  12 spiny frogs
  13 rime drakes
  6 komodo dragons
  2 kobold demonologists (D:8)
  5 trolls
  A queen bee (Orc:1)
  12 hippogriffs
  2 slime creatures (Lair:6)
  2 tyrant leeches (Lair:2)
  10 blink frogs
  2 dream sheep
  4 wraiths
  A spriggan (D:10)
  2 wyverns (Lair:5)
  5 basilisks
  3 fire bats (Orc:1)
  26 yaks
  A steam dragon (Lair:3)
  Edmund (D:5)
  3 wargs
  A naga (Lair:2)
  10 water moccasins
  13 soldier ants
  14 porcupines
  3 swamp drakes (Lair:6)
  A hornet zombie (D:11)
  29 orc warriors
  3 ice beasts
  8 ogres
  2 phantoms
  A black bear (D:8)
  28 wolves
  A necrophage (D:10)
  14 centaurs
  15 crocodiles
  A gnoll sergeant (D:10)
  19 bullfrogs
  A water moccasin zombie (D:9)
  5 scorpions
  11 killer bees (Orc:1)
  An electric eel (D:6)
  8 wights
  A howler monkey (D:7)
  3 crimson imps
  A quasit (D:9)
  3 hounds
  2 jellies (Lair:6)
  7 orc priests
  6 iguanas
  6 orc wizards
  3 bullfrog skeletons
  A gnoll shaman (D:4)
  29 worker ants
  3 hound zombies
  A hound skeleton (D:9)
  A howler monkey skeleton (D:5)
  9 adders
  10 gnolls
  12 shadow imps
  An adder skeleton (D:7)
  4 worms
  6 dart slugs
  7 leopard geckos
  39 orcs
  3 ball pythons
  6 bats
  5 giant cockroaches
  8 goblins
  11 hobgoblins
  15 jackals
  4 quokkas
  4 frilled lizards
  10 kobolds
  A leopard gecko skeleton (D:7)
  A quokka zombie (D:7)
  11 rats
603 creatures vanquished.

Vanquished Creatures (others)
  4 fungi
  2 plants
6 creatures vanquished.

Grand Total: 609 creatures vanquished

Notes
Turn   | Place    | Note
-------+----------+-------------------------------------------
     0 | D:1      | skk the Demonspawn Fighter began the quest for the Orb.
     0 | D:1      | Reached XP level 1. HP: 18/18 MP: 1/1
   310 | D:1      | Gained mutation: You are immune to rotting. [demonic
                  | ancestry]
   310 | D:1      | Reached XP level 2. HP: 24/24 MP: 2/2
   618 | D:1      | Found an ornate altar of the Wu Jian Council.
   767 | D:1      | Reached XP level 3. HP: 20/29 MP: 3/3
   918 | D:2      | Reached skill level 2 in Polearms
  1044 | D:2      | Reached XP level 4. HP: 30/35 MP: 4/4
  1336 | D:2      | Reached skill level 3 in Polearms
  1441 | D:2      | Found a deep blue altar of Sif Muna.
  1841 | D:3      | Reached XP level 5. HP: 41/41 MP: 5/5
  1853 | D:3      | Found a shadowy altar of Dithmenos.
  2503 | D:3      | Found a sparkling altar of Nemelex Xobeh.
  2873 | D:4      | Found a bloodstained altar of Trog.
  2873 | D:4      | Found an ornate altar of the Wu Jian Council.
  2877 | D:4      | Found an ancient bone altar of Kikubaaqudgha.
  2946 | D:4      | Noticed an ogre
  2946 | D:4      | Noticed an ogre
  3323 | D:4      | Killed an ogre
  3323 | D:4      | Reached skill level 4 in Polearms
  3323 | D:4      | Reached XP level 6. HP: 48/48 MP: 6/6
  3350 | D:4      | Reached skill level 1 in Dodging
  3630 | D:4      | Reached XP level 7. HP: 53/53 MP: 7/7
  3640 | D:4      | Reached skill level 5 in Polearms
  3949 | D:5      | Entered Level 5 of the Dungeon
  3996 | D:5      | Noticed Edmund
  4019 | D:5      | Killed Edmund
  4059 | D:5      | Reached skill level 1 in Evocations
  4346 | D:5      | Found a shimmering altar of Xom.
  4359 | D:5      | Found a hide-covered altar of Uskayaw.
  4359 | D:5      | Found a sparkling altar of Nemelex Xobeh.
  4361 | D:5      | Found a shimmering altar of Xom.
  4361 | D:5      | Found a shimmering altar of Xom.
  4361 | D:5      | Found a white marble altar of Elyvilon.
  4866 | D:6      | Gained mutation: You may emit foul miasma when damaged in
                  | melee. [demonic ancestry]
  4866 | D:6      | Reached XP level 8. HP: 55/60 MP: 8/8
  5096 | D:6      | Reached skill level 6 in Polearms
  5622 | D:6      | Found an opulent altar of Gozag.
  5817 | D:7      | Found an iron altar of Okawaru.
  5820 | D:7      | Became a worshipper of Warmaster Okawaru
  5901 | D:7      | Found a staircase to the Ecumenical Temple.
  6179 | D:8      | Found a transporter.
  6180 | D:8      | Noticed a kobold demonologist
  6189 | D:8      | Reached skill level 7 in Polearms
  6198 | D:8      | Found a transporter.
  6206 | D:8      | Noticed a kobold demonologist
  6271 | D:8      | Reached skill level 5 in Shields
  6501 | D:8      | Reached * piety under Okawaru
  6501 | D:8      | Reached skill level 5 in Armour
  6506 | D:8      | Found a blossoming altar of Fedhas.
  6509 | D:8      | Found a burning altar of Makhleb.
  6683 | D:8      | Reached skill level 1 in Stealth
  6686 | D:8      | Found an opulent altar of Gozag.
  6792 | D:8      | Found a stormy altar of Qazlal.
  6877 | D:8      | Reached XP level 9. HP: 66/66 MP: 9/9
  7123 | D:8      | Killed a kobold demonologist
  7131 | D:8      | Noticed a rust devil
  7182 | D:8      | Noticed a rust devil
  7182 | D:8      | Killed a kobold demonologist
  7182 | D:8      | Reached skill level 5 in Fighting
  7273 | D:9      | Reached ** piety under Okawaru
  7357 | D:9      | Found a staircase to the Orcish Mines.
  7383 | D:9      | Reached skill level 8 in Polearms
  7832 | D:9      | Found Cuoxezin's Gadget Shoppe.
  7936 | D:9      | Reached *** piety under Okawaru
  8336 | D:9      | Reached XP level 10. HP: 63/76 MP: 11/11
  8347 | D:9      | Noticed a two-headed ogre
  8352 | D:9      | Killed a two-headed ogre
  8352 | D:9      | Reached skill level 9 in Polearms
  8466 | D:9      | Got a jasper-encrusted ring mail
  8477 | D:9      | Identified the cursed +0 ring mail "Juet" {rPois Dex+3}
                  | (You found it on level 9 of the Dungeon)
  8611 | D:10     | Entered Level 10 of the Dungeon
  9041 | D:10     | Noticed a two-headed ogre
  9054 | D:10     | Killed a two-headed ogre
  9054 | D:10     | Reached **** piety under Okawaru
  9493 | D:10     | Identified 3 scrolls of acquirement
  9494 | D:10     | Got a crystal demon trident
  9502 | D:10     | Identified the +1 demon trident "Ogrebane" {venom, MP+9}
                  | (You acquired it on level 10 of the Dungeon)
  9618 | D:10     | Reached skill level 10 in Polearms
  9651 | D:10     | Got a scintillating silver amulet
  9697 | D:10     | Identified the amulet of Cinaov {Faith *Drain +Fly Int+3
                  | Dex+3} (You found it on level 10 of the Dungeon)
 10631 | D:11     | Gained mutation: You regenerate a little health from kills.
                  | [demonic ancestry]
 10631 | D:11     | Reached XP level 11. HP: 71/83 MP: 12/12
 10771 | D:11     | Noticed Urug
 10772 | D:11     | Noticed Sonja
 10793 | D:11     | Killed Sonja
 10793 | D:11     | Reached ***** piety under Okawaru
 11018 | D:11     | Killed Urug
 11340 | D:11     | Found a staircase to the Lair.
 11371 | Lair:1   | Entered Level 1 of the Lair of Beasts
 11397 | Lair:1   | Received a gift from Okawaru
 11607 | Lair:1   | Reached skill level 11 in Polearms
 11653 | Lair:1   | Reached skill level 5 in Dodging
 12122 | Lair:1   | Noticed a four-headed hydra
 12134 | Lair:1   | Killed a four-headed hydra
 12134 | Lair:1   | Received a gift from Okawaru
 13070 | Lair:2   | Gained mutation: You regenerate health from kills. [demonic
                  | ancestry]
 13070 | Lair:2   | Reached XP level 12. HP: 87/92 MP: 14/14
 13221 | Lair:2   | Found a staircase to the Swamp.
 13267 | Lair:2   | Received a gift from Okawaru
 13270 | Lair:2   | Got a shimmering ring mail {god gift}
 13282 | Lair:2   | Identified the +0 ring mail of Icsaovet {rPois rN+ Int+2
                  | SInv} (Okawaru gifted it to you on level 2 of the Lair of
                  | Beasts)
 13351 | Lair:2   | Found a staircase to the Snake Pit.
 13604 | Lair:2   | Reached skill level 12 in Polearms
 13939 | Lair:3   | Noticed Rupert
 14018 | Lair:2   | Killed Rupert
 14217 | Lair:3   | Found a transporter.
 14220 | Lair:3   | Found a transporter.
 14224 | Lair:3   | Got a scorched ruby amulet
 14226 | Lair:3   | Noticed Irhican's ghost (journeyman MiBe)
 14773 | Lair:3   | Identified the amulet of Hard Scrabble {Gourm +Fly MP+9
                  | Slay-2} (You found it on level 3 of the Lair of Beasts)
 14775 | Lair:3   | Got a slimy chain mail
 14786 | Lair:3   | Identified the +8 chain mail "Ydghob Jaiki" {rC+} (You
                  | found it on level 3 of the Lair of Beasts)
 14885 | Lair:3   | Killed Irhican's ghost
 14935 | Lair:4   | Reached ****** piety under Okawaru
 14940 | Lair:4   | Received a gift from Okawaru
 15017 | Lair:4   | Noticed an entropy weaver
 15022 | Lair:4   | Noticed a queen ant
 15024 | Lair:4   | Noticed an entropy weaver
 15037 | Lair:4   | Gained mutation: You have a pair of small horns on your
                  | head. [demonic ancestry]
 15037 | Lair:4   | Reached XP level 13. HP: 101/101 MP: 15/15
 15049 | Lair:4   | Noticed Josephine
 15374 | Lair:3   | Killed Josephine
 15532 | Lair:3   | Reached skill level 13 in Polearms
 15582 | Lair:3   | Killed an entropy weaver
 15582 | Lair:3   | Received a gift from Okawaru
 15912 | Lair:4   | Received a gift from Okawaru
 15922 | Lair:4   | Killed an entropy weaver
 16031 | Lair:4   | Noticed Snorg
 16047 | Lair:4   | Killed Snorg
 16650 | Lair:4   | You fall through a shaft for 2 floors!
 16650 | Lair:6   | Entered Level 6 of the Lair of Beasts
 16790 | Lair:6   | Got an ichor-stained chain mail
 16795 | Lair:5   | Identified the +4 chain mail of Least Resistance {rElec
                  | rPois Slay-3} (You found it on level 6 of the Lair of
                  | Beasts)
 17014 | Lair:5   | Reached skill level 10 in Fighting
 17106 | Lair:5   | Received a gift from Okawaru
 17218 | Lair:5   | Reached skill level 1 in Invocations
 18004 | Lair:6   | Gained mutation: You have a pair of horns on your head.
                  | [demonic ancestry]
 18004 | Lair:6   | Reached XP level 14. HP: 83/111 MP: 16/16
 18155 | Lair:6   | Found a staircase to the Slime Pits.
 18319 | Lair:6   | Reached skill level 14 in Polearms
 18626 | Lair:6   | Received a gift from Okawaru
 18705 | Lair:6   | Reached skill level 10 in Shields
 18724 | Lair:6   | Found the +10 zealot's sword {holy, *Rage rN+ EV+3}
 19162 | Orc:1    | Entered Level 1 of the Orcish Mines
 19177 | Orc:2    | Entered Level 2 of the Orcish Mines
 19305 | Orc:1    | Found a dark tunnel.
 19314 | Volcano  | Entered a volcano
 19433 | Volcano  | Got an ichor-stained long sword
 19835 | Orc:2    | Identified the cursed +1 long sword of Hivipn {drain, rN+
                  | MR+ Str+7} (You found it in a volcano)
 20053 | Orc:2    | Found a staircase to the Elven Halls.
 20514 | Orc:2    | Found Gakhlo's Magic Scroll Shop.
 20514 | Orc:2    | Found Gecedit's Armour Shoppe.
 20516 | Orc:2    | Found Ecowyts's Armour Emporium.
 20518 | Orc:2    | Found Zafir Ipn's Distillery.
 21004 | Orc:2    | Bought the +9 scales of the Dragon King {rPois rF+ rC+ MR+}
                  | for 1996 gold pieces
 21004 | Orc:2    | Found the +9 scales of the Dragon King {rPois rF+ rC+ MR+}
 21021 | Orc:2    | Bought 3 scrolls of identify for 90 gold pieces
 21021 | Orc:2    | Bought a scroll of identify for 30 gold pieces
 21021 | Orc:2    | Bought a scroll of identify for 30 gold pieces
 21021 | Orc:2    | Bought a scroll of identify for 30 gold pieces
 21021 | Orc:2    | Bought a scroll of identify for 30 gold pieces
 21053 | Orc:1    | Noticed Nergalle
 21069 | Orc:1    | Killed Nergalle
 21069 | Orc:1    | Received a gift from Okawaru
 21088 | Orc:1    | Found a roughly hewn altar of Beogh.
 21402 | Orc:1    | Reached skill level 10 in Armour
 21583 | Elf:1    | Entered Level 1 of the Elven Halls
 21900 | Elf:1    | Noticed a deep elf elementalist
 21904 | Elf:1    | Reached XP level 15. HP: 99/120 MP: 17/17
 21943 | Elf:1    | Noticed an Executioner
 21952 | Elf:1    | HP: 1/180 [Executioner[a deep elf demonologist] (12)]
 21952 | Elf:1    | Gained mutation: You are weak. (Str -2) [a neqoxec]
 21952 | Elf:1    | Mangled by a blizzard demon

Skill      XL: |  1  2  3  4  5  6  7  8  9 10 11 12 13 14 15 |
---------------+----------------------------------------------+-----
Shields        | 3 4 5 6 7 8 9 10 | 10.9
Armour         | 3 4 5 6 7 8 9 10 | 10.1
Polearms       | 2 3 4 5 7 8 10 11 12 13 14 | 14.8
Dodging        | 1 2 3 4 5 6 7 |  7.0
Fighting       | 4 5 6 7 9 10 12 | 12.0
Evocations     | 1 2 |  2.9
Stealth        | 1 2 3 4 |  4.1
Invocations    | 1 2 |  2.0

Action                   |  1- 3 |  4- 6 |  7- 9 | 10-12 | 13-15 || total
-------------------------+-------+-------+-------+-------+-------++-------
Melee: Trident           |   149 |   271 |   550 |   193 |       ||  1163
       Demon trident     |       |       |       |   675 |  1344 ||  2019
       Headbutt          |       |       |       |       |   257 ||   257
Invok: Heroism           |       |       |     2 |     5 |    11 ||    18
       Finesse           |       |       |       |       |     1 ||     1
 Abil: Evoke Flight      |       |       |     1 |       |       ||     1
Evoke: Wand              |       |     6 |     5 |    15 |     7 ||    33
       Fan of gales      |       |       |       |       |     1 ||     1
  Use: Scroll            |       |     6 |    10 |    19 |    12 ||    47
       Potion            |       |     1 |     7 |     6 |     6 ||    20
 Stab: Sleeping          |       |       |     1 |     4 |       ||     5
       Confused          |       |       |       |     4 |     1 ||     5
       Distracted        |       |       |       |       |     1 ||     1
  Eat: Chunk             |     1 |     8 |    12 |    17 |    21 ||    59
       Ration            |       |       |     1 |     2 |       ||     3
Armor: Scale mail        |    65 |   108 |       |       |       ||   173
       Ring mail         |       |     6 |   114 |   143 |       ||   263
       Chain mail        |       |       |       |    19 |   454 ||   473
       Gold dragon scale |       |       |       |       |   169 ||   169
       Skin              |       |       |       |       |    12 ||    12
Dodge: Dodged            |    48 |    96 |   199 |   392 |   492 ||  1227
Block: Shield            |    79 |   102 |       |       |       ||   181
       Buckler           |       |    35 |   170 |   313 |   608 ||  1126
